 Dungeon Crawl Stone Soup version 0.18-a0-1683-gf9322e6 (webtiles) character file.

1110 Gorice the Martial Artist (level 8, -2/64 HPs)
             Began as a Demonspawn Monk on Apr 3, 2016.
             Slain by an ogre
             ... wielding a +0 giant club
              (20 damage)
             ... on level 6 of the Dungeon.
             The game lasted 00:21:25 (5139 turns).

Gorice the Martial Artist (Demonspawn Monk)         Turns: 5139, Time: 00:21:26

Health: -2/64      AC:  6    Str: 13    XL:     8   Next: 11%
Magic:  8/8        EV: 11    Int: 11    God:
Gold:   228        SH:  0    Dex: 17    Spells: 0 memorised, 7 levels left

rFire  . . .     SeeInvis .       - Unarmed
rCold  . . .     Gourm    .     t - +1 ring mail
rNeg   + . .     Faith    .     (no shield)
rPois  .         Spirit   .     (helmet restricted)
rElec  .         Dismiss  .     (no cloak)
rCorr  .         Reflect  .     (no gloves)
SustAt +         Harm     .     (no boots)
MR     .....                    (no amulet)
Stlth  +.........               w - ring of sustain attributes
                                y - ring of positive energy

@: not resistant to hostile enchantments, very unstealthy
A: claws 1, horns 1, demonic guardian 1, powered by death 2
a: no special abilities


You were on level 6 of the Dungeon.
You were not hungry.

You visited 2 branches of the dungeon, and saw 7 of its levels.

You collected 228 gold pieces.

Inventory:

Hand Weapons
 b - a +3 dagger of venom
   (You took it off a kobold on level 1 of the Dungeon)
 p - a +2 dagger of protection
   (You found it on level 4 of the Dungeon)
 B - a +0 blowgun
Missiles
 g - 56 bolts
 h - 9 tomahawks (quivered)
 n - 17 sling bullets
 s - 29 poisoned needles
 v - 17 steel bolts
 X - 5 tomahawks of returning
 Y - 4 javelins of penetration
 Z - 70 stones
Armour
 d - a +0 leather armour
 o - a +0 robe
 t - a +1 ring mail (worn)
 u - a +0 chain mail
Jewellery
 w - a ring of sustain attributes (right claw)
 y - a ring of positive energy (left claw)
Wands
 e - a wand of random effects (17/48)
 r - a wand of flame (12/48)
 E - a wand of iceblast (7/15)
Scrolls
 i - 4 scrolls of remove curse
 A - 3 scrolls of teleportation {!r}
 C - 2 scrolls of fog
Potions
 j - a potion of curing
 k - a potion of agility {!q}
 l - a potion of haste {unknown}
 m - a potion of flight {unknown}
 q - 4 potions of lignification {!q}
 D - a potion of invisibility {unknown}
Comestibles
 a - 5 bread rations {!e}
 c - 4 fruits
 f - 2 meat rations {!e}


   Skills:
 - Level 6.0 Fighting
 - Level 2.6 Dodging
 - Level 1.7 Stealth
 * Level 8.3 Unarmed Combat


You had 7 spell levels left.
You didn't know any spells.

Dungeon Overview and Level Annotations

Branches:
Dungeon (6/15)             Temple (1/1) D:4

Altars:
Cheibriados
Dithmenos
Elyvilon
Fedhas
Gozag
Kikubaaqudgha
Nemelex Xobeh
Okawaru
Qazlal
Sif Muna
Vehumet
Yredelemnul
Zin
The Shining One

Annotations:
D:6 pUX: shafted here


Innate Abilities, Weirdness & Mutations

You have sharp fingernails.
You have a pair of small horns on your head.
A weak demonic guardian rushes to your aid.
You regenerate health from kills.


Message History

The ogre hits your ufetubus with a giant club!
Your ufetubus dies!
Firing (i - inventory. (,) - cycle):
s - 32 poisoned needles (quivered)
Press: ? - help, Shift-Dir - straight line, f/p - ogre
Aim: an ogre, wielding a giant club (lightly wounded)
You shoot a poisoned needle. The poisoned needle hits the ogre.
The ogre is lightly wounded.
Firing (i - inventory. (,) - cycle):
s - 31 poisoned needles (quivered)
Press: ? - help, Shift-Dir - straight line, f/p - ogre
Aim: an ogre, wielding a giant club (lightly wounded)
You shoot a poisoned needle. The poisoned needle hits the ogre.
The ogre is poisoned.
The ogre is lightly wounded.
Firing (i - inventory. (,) - cycle):
s - 30 poisoned needles (quivered)
Press: ? - help, Shift-Dir - straight line, f/p - ogre
Aim: an ogre, wielding a giant club (lightly wounded, poisoned)
You shoot a poisoned needle.
The poisoned needle barely misses the ogre.
The ogre hits you with a giant club!
Damage: 8 (max 8)
You are now empty-clawed.
You scratch the ogre.
The ogre is moderately wounded.
You scratch the ogre.
The ogre is heavily wounded.
The ogre barely misses you.
You barely miss the ogre.
You headbutt the ogre, but do no damage.
You claw the ogre, but do no damage.
The ogre is heavily wounded.
The ogre barely misses you.
You scratch the ogre.
The ogre is heavily wounded.
You scratch the ogre. You headbutt the ogre.
The ogre is almost dead.
The ogre hits you with a giant club!
Damage: 14 (max 14)
You scratch the ogre but do no damage.
The ogre is almost dead.
The ogre looks more healthy.
The ogre hits you with a giant club!!
* * * LOW HITPOINT WARNING * * *
Damage: 25 (max 25)
You are too injured to fight recklessly!
You are too injured to fight recklessly!
You are too injured to fight recklessly!
You scratch the ogre.
You headbutt the ogre, but do no damage.
The ogre is almost dead.
The ogre hits you with a giant club!!
You die...

#.#.#..# #####
#.#.#..#
#.#.#..#
#.#.#..#
..#####.#.#..#
..........#..#
.#####.###..#
#.....#..#
#@#.#.#..#
#O#...#..#
#.###.#..#
#..((..#...)..#
########.#....#
...#.#### ###
#.# #.# #.#


You could see an ogre.

Vanquished Creatures
  Eustachio (D:4)
  2 ice beasts
  2 centaurs
  A giant frog (D:6)
  3 orc priests (D:3)
  2 orc wizards
  2 giant frog skeletons (D:5)
  2 worker ants (D:5)
  3 gnolls
  2 adders
  An ooze (D:2)
  An adder zombie (D:5)
  2 worms
  5 dart slugs
  5 giant geckos
  14 orcs
  A giant cockroach (D:3)
  3 goblins
  10 hobgoblins
  A quokka (D:4)
  2 ball pythons (D:5)
  14 bats
  A giant cockroach zombie (D:5)
  8 giant newts
  A jackal zombie (D:5)
  5 kobolds
  A quokka zombie (D:5)
  9 rats
104 creatures vanquished.

Vanquished Creatures (collateral kills)
  The ghost of Tomstefer the Ruffian, a novice VSMo (D:5)
  An ogre (D:4)
  A crimson imp (D:5)
  2 orcs (D:6)
5 creatures vanquished.

Grand Total: 109 creatures vanquished

Notes
Turn   | Place    | Note
--------------------------------------------------------------
     0 | D:1      | Gorice the Demonspawn Monk began the quest for the Orb.
     0 | D:1      | Reached XP level 1. HP: 18/18 MP: 1/1
   208 | D:1      | Gained mutation: You regenerate a little health from kills. [demonic ancestry]
   208 | D:1      | Reached XP level 2. HP: 16/24 MP: 2/2
   408 | D:1      | HP: 7/24 [poisoned by a kobold]
   416 | D:1      | HP: 6/24 [poisoned by a kobold]
   968 | D:2      | Found a snail-covered altar of Cheibriados.
   985 | D:2      | Reached skill level 4 in Fighting
  1107 | D:2      | Gained mutation: You have sharp fingernails. [demonic ancestry]
  1107 | D:2      | Reached XP level 3. HP: 23/30 MP: 3/3
  1218 | D:2      | HP: 8/30 [gnoll/halberd (9)]
  1225 | D:2      | HP: 8/30 [gnoll/enchanted spear (1)]
  1230 | D:2      | HP: 7/30 [gnoll/enchanted whip (1)]
  1234 | D:1      | HP: 1/30 [gnoll/enchanted whip (5)]
  1618 | D:2      | Found a radiant altar of Vehumet.
  1737 | D:2      | Reached skill level 4 in Unarmed Combat
  1753 | D:2      | Gained mutation: A weak demonic guardian rushes to your aid. [demonic ancestry]
  1753 | D:2      | Reached XP level 4. HP: 21/38 MP: 4/4
  1761 | D:2      | Found a stormy altar of Qazlal.
  1761 | D:2      | Noticed a water elemental
  1762 | D:2      | Noticed an air elemental
  1762 | D:2      | Noticed a fire elemental
  1762 | D:2      | Noticed an earth elemental
  2615 | D:3      | Gained mutation: You have a pair of small horns on your head. [demonic ancestry]
  2615 | D:3      | Reached XP level 5. HP: 43/43 MP: 5/5
  3083 | D:3      | Reached skill level 5 in Fighting
  3085 | D:3      | Reached skill level 5 in Unarmed Combat
  3225 | D:4      | Noticed Eustachio
  3237 | D:4      | Killed Eustachio
  3237 | D:4      | Gained mutation: You regenerate health from kills. [demonic ancestry]
  3237 | D:4      | Reached XP level 6. HP: 36/51 MP: 6/6
  3286 | D:4      | Found a shadowy altar of Dithmenos.
  3349 | D:4      | Found a white marble altar of Elyvilon.
  3547 | D:4      | Reached skill level 6 in Unarmed Combat
  3600 | D:4      | Found a staircase to the Ecumenical Temple.
  3606 | Temple   | Entered the Ecumenical Temple
  3783 | D:4      | Found an iron altar of Okawaru.
  3829 | D:5      | Entered Level 5 of the Dungeon
  3848 | D:5      | Noticed Tomstefer's ghost (novice VSMo)
  3906 | D:5      | Reached XP level 7. HP: 55/57 MP: 7/7
  4057 | D:5      | Reached skill level 6 in Fighting
  4083 | D:5      | You fall through a shaft!
  4217 | D:6      | Reached skill level 7 in Unarmed Combat
  4471 | D:5      | Found a sparkling altar of Nemelex Xobeh.
  4484 | D:5      | Killed Tomstefer's ghost
  4515 | D:5      | Reached skill level 8 in Unarmed Combat
  4515 | D:5      | Reached XP level 8. HP: 64/64 MP: 8/8
  5135 | D:6      | HP: 17/64 [ogre/giant club (25)]
  5139 | D:6      | Slain by an ogre

Vault maps used:
D:1:      saegor_arrival_simple_a
D:2:      cheibriados_altar_1, fiery_altar_vehumet,
          nicolae_qazlal_style_of_elements, kennysheep_small_spiral,
          minmay_misc_feat_tiny
D:4:      okawaru_metal_pillars_1_2, old_standard_altar, grunt_dithmenos_smoke,
          minmay_temple_entry_fiery, first_bread, uniq_eustachio
D:5:      nemelex_altar_shiori
D:6:      gammafunk_pakellas_spire_experiment, uniq_pikel, uniq_prince_ribbit1
Temple:   temple_island_7

Skill      XL: |  1  2  3  4  5  6  7 |
---------------+----------------------+-----
Fighting       | 4 5 6 |  6.0
Unarmed Combat | 4 5 6 8 |  8.3
Dodging        | |  2.6
Stealth        | |  1.7

Action                   |  1- 3 |  4- 6 |  7- 9 || total
-------------------------+-------+-------+-------++-------
Melee: Unarmed           |    31 |     3 |    69 ||   103
       Dagger            |    67 |   106 |    28 ||   201
 Fire: Blowgun           |       |       |     5 ||     5
Throw: Tomahawk          |       |     5 |     2 ||     7
Evoke: Wand              |       |     2 |     4 ||     6
  Use: Scroll            |     3 |     6 |     6 ||    15
       Potion            |     1 |       |       ||     1
 Stab: Sleeping          |     8 |     8 |     1 ||    17
       Distracted        |       |       |     1 ||     1
  Eat: Chunk             |     3 |     6 |     4 ||    13

Table legend:
 A = Turns spent in this place as a percentage of turns spent in the entire game.
 B = Non-inter-level travel turns spent in this place as a percentage of non-inter-level travel turns spent in the entire game.
 C = Inter-level travel turns spent in this place as a percentage of turns spent in this place.
 D = Turns resting spent in this place as a percentage of non-inter-level travel turns spent in this place.
 E = Turns spent auto-exploring this place as a percentage of non-inter-level travel turns spent in this place.
 F = Non-inter-level travel turns spent in this place divided by the number of levels of this place that you've seen.
                   A       B       C       D       E      F
               +-------+-------+-------+-------+-------+----------------------
         Total | 100.0 | 100.0 |   1.0 |   1.5 |   8.5 | 221.7
       Dungeon |  97.3 |  97.3 |   0.9 |   1.6 |   8.7 | 251.7
        Temple |   2.7 |   2.7 |   2.3 |   0.0 |   0.0 |  42.0
               +-------+-------+-------+-------+-------+----------------------

Vault maps used:
D:1:      saegor_arrival_simple_a
D:2:      cheibriados_altar_1, fiery_altar_vehumet,
          nicolae_qazlal_style_of_elements, kennysheep_small_spiral,
          minmay_misc_feat_tiny
D:4:      okawaru_metal_pillars_1_2, old_standard_altar, grunt_dithmenos_smoke,
          minmay_temple_entry_fiery, first_bread, uniq_eustachio
D:5:      nemelex_altar_shiori
D:6:      gammafunk_pakellas_spire_experiment, uniq_pikel, uniq_prince_ribbit1
Temple:   temple_island_7
